 Dungeon Crawl Stone Soup version 0.24.1-8-ga250c9d538 (webtiles) character file.

Game seed: 10671248958560560617, levelgen mode: deterministic

51 raph the Charmwright (level 3, -2/27 HPs)
             Began as a Merfolk Skald on May 1, 2020.
             Was an Initiate of Okawaru.
             Slain by a jackal (3 damage)
             ... on level 1 of the Dungeon.
             The game lasted 00:03:42 (2031 turns).

raph the Charmwright (Merfolk Skald)                Turns: 2031, Time: 00:03:43

Health: -2/27      AC:  0    Str: 10 (11) XL:     3   Next: 83%
Magic:  3/6        EV: 13    Int: 11 (12) God:    Okawaru [......]
Gold:   77         SH:  0    Dex: 13 (14) Spells: 0/6 levels left

rFire    . . .     SeeInvis .   a - +0 spear
rCold    . . .     Gourm    .   (no shield)
rNeg     . . .     Faith    .   j - -2 robe (curse)
rPois    .         Spirit   .   (no helmet)
rElec    .         Reflect  .   (no cloak)
rCorr    .         Harm     .   (no gloves)
MR       .....                  (no boots)
Stlth    +.........             (no amulet)
HPRegen  0.09/turn              (no ring)
MPRegen  0.10/turn              (no ring)

@: no status effects
A: change form in water, swift swim, stealthy swim
a: Renounce Religion


You were on level 1 of the Dungeon.
You worshipped Okawaru.
Okawaru was noncommittal.
You were not hungry.

You visited 1 branch of the dungeon, and saw 2 of its levels.

You collected 77 gold pieces.

Inventory:

Hand Weapons
 a - a +0 spear (weapon)
Missiles
 h - a throwing net (quivered)
Armour
 b - a +0 leather armour
 j - a cursed -2 robe (worn)
Scrolls
 l - a scroll of teleportation
Potions
 e - a potion of lignification {unknown}
 f - 2 potions of might {unknown}
 g - a potion of flight {unknown}
 i - a potion of berserk rage {unknown}
Comestibles
 d - 2 rations
 k - a chunk of flesh


   Skills:
 - Level 2.1 Fighting
 - Level 3.8 Polearms
 - Level 0.6 Armour
 - Level 2.6 Dodging
 - Level 2.4 Spellcasting
 + Level 0.1 Hexes
 * Level 4.3 Charms


You couldn't memorise any spells.
You knew the following spells:

 Your Spells              Type           Power        Failure   Level  Hunger
a - Infusion              Chrm           ##..         4%          1    ##.....
b - Shroud of Golubria    Chrm/Tloc      #.....       17%         2    ###....
c - Spectral Weapon       Hex/Chrm       #.......     32%         3    ####...

Your spell library contained the following spells:

 Spells                   Type           Power        Failure   Level  Hunger
 Song of Slaying          Chrm           ##......     7%          2    ###....
 Regeneration             Chrm/Necr      #.........   34%         3    ####...


Dungeon Overview and Level Annotations

Branches:
Dungeon (2/15)

Altars:
Okawaru

Annotations:
D:2 Terence


Message History

* * * LOW HITPOINT WARNING * * *
Your magical infusion is running out.
You barely miss the ooze.
The ooze is lightly wounded.
The ooze hits you.
* * * LOW HITPOINT WARNING * * *
You are no longer magically infusing your attacks.
The jackal bites you.
* * * LOW HITPOINT WARNING * * *
There is a stone staircase leading up here.
The jackal closely misses you. The ooze hits you.
* * * LOW HITPOINT WARNING * * *
The jackal misses you.
You climb upwards.
There is a stone staircase leading down here.
It was a potion of degeneration.
There was something very wrong with that liquid.
You feel weakened.
You feel dopey.
You feel clumsy. The jackal bites you.
You die...

#.# #.##.# #.# #.# #.#
#.##.# #.#######.#
#.#####.##)# #.........#
#.#........#############
#.#########.........#
#.#########.#######.######
#..........[..............
#..######J#..######.......
#..# #@h..........(....
#..# #####.#############
#..# #.......# #..#
#.(.#.#.#
#..#######.#.#.###########
#..........#.#.##.........
#..#####..................
#.## #.....#.#..........
#.# #.....#.#..#.......


You could see an ooze and a jackal.

Vanquished Creatures
  3 adders (D:2)
  A dart slug (D:1)
  5 bats
  3 hobgoblins
  2 jackals
  A kobold (D:1)
  A quokka (D:2)
  A ball python (D:1)
  A frilled lizard (D:2)
  4 goblins
22 creatures vanquished.

Notes
Turn   | Place    | Note
-------+----------+-------------------------------------------
     0 | D:1      | raph the Merfolk Skald began the quest for the Orb.
     0 | D:1      | Reached XP level 1. HP: 16/16 MP: 3/3
   472 | D:1      | Reached XP level 2. HP: 22/22 MP: 5/5
  1274 | D:1      | Learned a level 2 spell: Shroud of Golubria
  1462 | D:2      | Noticed Terence
  1465 | D:2      | Reached skill level 4 in Charms
  1465 | D:2      | Reached XP level 3. HP: 11/27 MP: 0/6
  1956 | D:2      | Learned a level 3 spell: Spectral Weapon
  1974 | D:2      | Found an iron altar of Okawaru.
  1996 | D:2      | Became a worshipper of Warmaster Okawaru
  2029 | D:2      | HP: 1/27 [ooze (3)]
  2031 | D:1      | Slain by a jackal

Levels and vault maps discovered:
D:1:      tarquinn_simple_flora_water_a, layout_basic
D:2:      layout_loops_ring, okawaru_ov_weapons_minmay, uniq_terence

Skill      XL: |  1  2 |
---------------+-------+-----
Charms         | 4 |  4.3
Fighting       | |  2.1
Polearms       | |  3.8
Armour         | |  0.6
Dodging        | |  2.6
Spellcasting   | |  2.4
Hexes          | |  0.1

Action                   || total
-------------------------++-------
Melee: Spear             ||    67
 Cast: Infusion          ||    14
       Shroud of Golubri ||     2
  Use: Scroll            ||     3
       Potion            ||     1
 Stab: Sleeping          ||     2
  Eat: Chunk             ||     4
Armor: Leather armour    ||     5
Dodge: Dodged            ||    47
